 Dungeon Crawl Stone Soup version 0.30-a0-329-g85436e0a43 (webtiles) character file.

Game seed: 11345611981002270544

6192 lunkers the Transmogrifier (level 11, -3/74 HPs)
             Began as a Meteoran Earth Elementalist on Oct 27, 2022.
             Was the Champion of Jiyva.
             Slain by a wolf (7 damage)
             ... on level 1 of the Lair of Beasts on Oct 28, 2022.
             The game lasted 00:24:27 (4392 turns).

lunkers the Transmogrifier (MeEE)                   Turns: 4392, Time: 00:24:27

Health: -3/74      AC:  8    Str: 10    XL:     11   Next: 35%
Magic:  19/22      EV: 12    Int: 22    God:    Jiyva [******]
Gold:   589        SH:  0    Dex: 14    Spells: 1/23 levels left

rFire   . . .      SeeInvis .      - Unarmed
rCold   . . .      Faith    .    (shield currently unavailable)
rNeg    . . .      Spirit   .    C - +0 steam dragon scales
rPois   .          Reflect  .    E - +1 helmet
rElec   .          Harm     .    s - +0 cloak
rCorr   +          Rampage  .    (gloves currently unavailable)
Will    +....      Clarity  +    (no boots)
Stlth   +.........               k - amulet of regeneration
HPRegen 2.72/turn                i - ring of flight
MPRegen 0.68/turn                o - ring of wizardry

@: blade hands, flying, glowing
A: sense surroundings 2, otherworldly, glowing, explore regen, hooves 1,
clarity, acidic bite, eyeballs 1, evolution 2, jelly absorbing missiles
a: End Transformation, Renounce Religion, Oozemancy, Slimify


You were on level 1 of the Lair of Beasts.
You worshipped Jiyva.
Jiyva was exalted by your worship.
You had blades for hands.
You visited 2 branches of the dungeon, and saw 10 of its levels.
You also visited: Sewer and Ossuary.

You collected 589 gold pieces.

Inventory:

Hand Weapons
 g - a +1 dagger of venom (melded)
Missiles
 l - a throwing net
Armour
 n - a +2 pair of gloves (melded)
 r - a +1 ring mail of fire resistance
 s - a +0 cloak (worn)
 C - +0 steam dragon scales (worn)
 E - a +1 helmet (worn)
Jewellery
 e - an amulet of the acrobat
 i - a ring of flight (left blade hand)
 k - an amulet of regeneration (around neck)
 o - a ring of wizardry (right blade hand)
 x - an amulet of reflection
Wands
 t - a wand of quicksilver (12)
 u - a wand of flame (30)
 v - a wand of roots (4)
 D - a wand of charming (14)
Scrolls
 p - 3 scrolls of magic mapping
 y - a scroll of butterflies
 z - a scroll of enchant weapon
 I - a scroll of enchant armour
Potions
 b - 2 potions of magic
 c - a potion of ambrosia
 d - 3 potions of brilliance
 f - 3 potions of flight
 h - 8 potions of curing
 j - 3 potions of attraction
 m - 3 potions of berserk rage
 w - 5 potions of haste
 B - a potion of mutation
 F - a potion of lignification
 G - a potion of heal wounds
 H - a potion of might {unknown}
 J - a potion of cancellation {unknown}
Miscellaneous
 L - a phantom mirror


   Skills:
 - Level 2.4 Dodging
 - Level 1.4 Stealth
 - Level 8.1 Unarmed Combat
 - Level 6.9 Spellcasting
 + Level 11.3 Transmutations
 * Level 8.9 Air Magic
 - Level 8.3 Earth Magic


You had one spell level left.
You knew the following spells:

 Your Spells              Type           Power      Damage    Failure   Level
b - Passwall              Tmut/Erth      41%        N/A       3%          2
c - Stone Arrow           Conj/Erth      52%        3d10      12%         3
d - Petrify               Tmut/Erth      50%        N/A       7%          4
e - Blade Hands           Tmut           27%        N/A       9%          5
f - Storm Form            Tmut/Air       25%        N/A       71%         7
q - Sandblast             Erth           88%        2d18      4%          1

Your spell library contained the following spells:

 Spells                   Type           Power      Damage    Failure   Level
 Freeze                   Ice            28%        1d5       19%         1
 Slow                     Hex            28%        N/A       19%         1
 Blink                    Tloc           14%        N/A       24%         2
 Momentum Strike          Conj/Tloc      14%        3d8       24%         2
 Summon Lightning Spire   Summ/Air       27%        N/A       24%         4
 Confusing Touch          Hex            7%         N/A       36%         3
 Frozen Ramparts          Ice            14%        1d3       36%         3
 Hailstorm                Conj/Ice       7%         3d4       36%         3
 Lesser Beckoning         Tloc           14%        N/A       36%         3
 Portal Projectile        Hex/Tloc       14%        N/A       36%         3
 Tukima's Dance           Hex            7%         N/A       36%         3
 Vampiric Draining        Necr           7%         2d6       36%         3
 Maxwell's Capacitive Co  Air            23%        ∞         100%        8


Dungeon Overview and Level Annotations

Branches:
Dungeon (9/15) Zot: 1248   Temple (0/1) D:7            Lair (1/5) D:9 Zot: 488
  Sewer (visited)         Ossuary (visited)
    Orc: D:9-12

Altars:
Fedhas
Hepliaklqana
Qazlal
Ru
Sif Muna
Trog
Vehumet
Xom
The Shining One
Jiyva

Shops:
D:8 ?


Innate Abilities, Weirdness & Mutations

You have blades for hands.
Your spellcasting is less reliable in this form.
You are incapable of wielding weapons or throwing items.
You passively map the area around you.
You are easily found by Zot.
You glow in the dark.
You regain HP and MP as you explore.
You have large cloven feet.
You possess an exceptional clarity of mind.
You have acidic saliva.
Your body has grown eyes which may confuse attackers. (Acc +3)
You have great hidden genetic potential.
You have a small jelly attached to you that may absorb projectiles.


Message History

* * * LOW HITPOINT WARNING * * *
The wolf bites you.
* * * LOW HITPOINT WARNING * * *
The wolf bites you.
* * * LOW HITPOINT WARNING * * *
The wolf barely misses you. 2 wolves come into view.
Found a glaive.
The wolf howls!
You hear a howl! x3
The wolf bites you.
* * * LOW HITPOINT WARNING * * *
A wolf comes into view.
The wolf bites you but does no damage.
The wolf moves out of view.
Unknown command.
Casting: Blade Hands (dangerous; 9% risk of failure)
Confirm with . or Enter, or press ? or * to list all spells.
Aiming: Passwall (safe; 3% risk of failure)
Press: ? - help, Dir - move target A rock wall.
The wolf bites you but does no damage. The wolf closely misses you.
The wolf bites you.
* * * LOW HITPOINT WARNING * * *
The wolf bites the fungus!
The fungus begins to die.
The wolf barely misses you. The wolf bites you!
* * * LOW HITPOINT WARNING * * *
The wolf bites you but does no damage.
The wolf bites the fungus!
You begin to meditate on the wall.
You continue meditating on the rock.
The wolf bites you.
* * * LOW HITPOINT WARNING * * *
The wolf bites you.
* * * LOW HITPOINT WARNING * * *
The wolf bites you but does no damage.
The wolf bites the fungus!
The wolf bites you!
* * * LOW HITPOINT WARNING * * *
The wolf bites you.
* * * LOW HITPOINT WARNING * * *
The wolf bites you.
* * * LOW HITPOINT WARNING * * *
The wolf completely misses the fungus.
The wolf bites you!
You die...

* # * ###### ,
.##.####.##.###################
............†..................
.........††..hh................
#..#P...#..##hhP##............#
* ,#...##..##h@##..............
*
...#h.*#..##hh##..............
, ...#...
#..hi..###...........P. ...h..h
#..#...#*#.............
......♣,#h.#...##P.............
, .h...
....#...###..b........P. , ,
h,,,##.................. ,,, ,
, ................... , 8, , ,
,.###............P


You could see a spriggan rider and 10 wolves.

Vanquished Creatures
  An elephant (D:9)
  A troll (D:9)
  A hornet (D:6)
  Sigmund (D:3)
  A wraith (D:8)
  2 wyverns
  6 yaks
  A steam dragon (D:6)
  An acid dragon (D:9)
  2 water moccasins
  4 orc warriors
  A sky beast (D:6)
  6 wolves (Lair:1)
  2 centaurs (D:6)
  A kobold brigand (D:6)
  3 bullfrogs
  3 necrophages
  2 scorpions
  A jelly (D:9)
  8 wights
  10 killer bees
  A howler monkey (D:4)
  3 hounds (D:6)
  2 gnoll boudas
  Jessica (D:3)
  7 iguanas
  A hell rat (Sewer)
  4 orc wizards
  8 mummies (Ossuary)
  14 gnolls
  11 adders
  A river rat (Sewer)
  A shadow imp (D:6)
  A white imp (D:6)
  An ufetubus (D:3)
  3 worms
  3 dart slugs
  28 orcs
  7 ball pythons
  2 endoplasms (D:2)
  4 giant cockroaches
  2 gnoll zombies (Ossuary)
  11 goblins
  5 hobgoblins
  4 jackals (D:3)
  6 kobolds
  A quokka (D:3)
  2 bats
  5 frilled lizards
  5 hobgoblin zombies (Ossuary)
  A kobold zombie (Ossuary)
  9 rats
212 creatures vanquished.

Vanquished Creatures (others)
  A basilisk (D:9)
  2 ice beasts (D:6)
  2 centaurs (D:9)
  A necrophage (D:6)
  A scorpion (D:6)
  A wight (D:6)
  14 jellies
  A hound (D:3)
  2 orc wizards
  An adder (D:4)
  A river rat (D:6)
  5 orcs
  4 endoplasms
  4 giant cockroaches
  2 ball pythons
  2 bats (D:3)
  A frilled lizard (D:3)
  A rat (D:6)
  A fungus (Lair:1)
  A plant (Lair:1)
48 creatures vanquished.

Grand Total: 260 creatures vanquished

Notes
Turn   | Place    | Note
-------+----------+-------------------------------------------
     0 | D:1      | lunkers the Meteoran Earth Elementalist began the quest for
                  | the Orb.
     0 | D:1      | Reached XP level 1. HP: 14/14 MP: 5/5
    30 | D:1      | Reached XP level 2. HP: 17/20 MP: 1/6
   330 | D:2      | Reached XP level 3. HP: 19/26 MP: 3/8
   411 | D:2      | Found a faded altar of an unknown god.
   424 | D:2      | Prayed at the altar of an unknown god.
   424 | D:2      | Became a worshipper of Jiyva Jyozok the Shapeless
   424 | D:2      | Reached * piety under Jiyva
   442 | D:2      | Reached XP level 4. HP: 33/33 MP: 10/10
   479 | D:2      | Identified the +8 dagger of Darkness {vorpal, rElec MP+9
                  | Str+2}
   536 | D:2      | Reached skill level 5 in Earth Magic
   617 | D:3      | Noticed Sigmund
   623 | D:3      | Killed Sigmund
   624 | D:3      | Reached XP level 5. HP: 33/38 MP: 7/12
   624 | D:3      | Reached XP level 6. HP: 40/45 MP: 7/13
   671 | D:3      | Reached ** piety under Jiyva
   681 | D:3      | Learned a level 2 spell: Passwall
   685 | D:3      | Learned a level 3 spell: Stone Arrow
   690 | D:3      | Learned a level 4 spell: Petrify
   693 | D:3      | Found a sacrificial altar of Ru.
   700 | D:3      | Noticed Jessica
   705 | D:3      | Killed Jessica
   712 | D:3      | Found a shimmering blue altar of Sif Muna.
   903 | D:3      | Found a hazy altar of Hepliaklqana.
   920 | D:3      | Noticed a water moccasin
   934 | D:3      | Reached skill level 2 in Transmutations
   936 | D:3      | Killed a water moccasin
   937 | D:3      | Reached skill level 5 in Spellcasting
   937 | D:3      | Reached skill level 3 in Transmutations
   937 | D:3      | Reached XP level 7. HP: 35/50 MP: 8/15
   958 | D:3      | Identified a scroll of acquirement
   958 | D:3      | Acquired a book of the Sky
  1025 | D:4      | Reached skill level 4 in Transmutations
  1084 | D:4      | Reached XP level 8. HP: 56/57 MP: 13/17
  1129 | D:4      | Learned a level 5 spell: Blade Hands
  1169 | D:4      | Found a glowing golden altar of the Shining One.
  1210 | D:4      | Reached *** piety under Jiyva
  1266 | D:4      | Reached skill level 5 in Transmutations
  1400 | D:4      | Gained mutation: Your body has grown eyes which may confuse
                  | attackers. (Acc +3) [Jiyva's grace]
  1400 | D:4      | Gained mutation: Your body has grown many eyes which may
                  | confuse attackers. (Acc +5) [Jiyva's grace]
  1400 | D:4      | Gained mutation: Your body is covered in eyes which may
                  | confuse attackers. (Acc +7, SInv) [Jiyva's grace]
  1400 | D:4      | Gained mutation: You have acidic saliva. [Jiyva's grace]
  1432 | D:5      | Entered Level 5 of the Dungeon
  1578 | D:5      | Reached **** piety under Jiyva
  1775 | D:6      | Reached skill level 6 in Transmutations
  1821 | D:6      | Gained mutation: You passively map the area around you.
                  | [Meteoran growth]
  1821 | D:6      | Reached XP level 9. HP: 60/62 MP: 16/20
  1823 | D:6      | Reached skill level 7 in Transmutations
  1852 | D:6      | Reached skill level 1 in Unarmed Combat
  2047 | D:6      | Found a radiant altar of Vehumet.
  2081 | D:6      | Upgraded the game from 0.30-a0-322-g102857c98e to
                  | 0.30-a0-329-g85436e0a43
  2106 | D:6      | Found a glowing drain.
  2115 | Sewer    | Entered a sewer
  2115 | Sewer    | Reached ***** piety under Jiyva
  2525 | D:6      | Noticed a hornet
  2535 | D:6      | Killed a hornet
  2536 | D:6      | Reached skill level 8 in Transmutations
  2606 | D:6      | Reached skill level 5 in Unarmed Combat
  2679 | D:7      | Reached skill level 9 in Transmutations
  2693 | D:7      | Lost mutation: Your body is covered in eyes which may
                  | confuse attackers. (Acc +7, SInv) [Jiyva's grace]
  2693 | D:7      | Gained mutation: You are somewhat resistant to further
                  | mutation. [Jiyva's grace]
  2693 | D:7      | Gained mutation: You are somewhat resistant to both further
                  | mutation and mutation removal. [Jiyva's grace]
  2693 | D:7      | Gained mutation: You are almost entirely resistant to
                  | further mutation and mutation removal. [Jiyva's grace]
  2693 | D:7      | Gained mutation: You have large cloven feet. [Jiyva's
                  | grace]
  2760 | D:7      | Found a bloodstained altar of Trog.
  2765 | D:7      | Reached XP level 10. HP: 69/69 MP: 21/21
  2836 | D:7      | Found a sand-covered staircase.
  2841 | Ossuary  | Entered an ossuary
  2963 | Ossuary  | Learned a level 7 spell: Storm Form
  3043 | D:7      | Found a staircase to the Ecumenical Temple.
  3123 | D:7      | Found a blossoming altar of Fedhas.
  3302 | D:8      | Reached skill level 10 in Transmutations
  3591 | D:8      | Reached ****** piety under Jiyva
  3788 | D:9      | Reached skill level 5 in Air Magic
  3872 | D:8      | Found Zeveef's Magic Scroll Shoppe.
  3913 | D:9      | Lost mutation: Your body has grown many eyes which may
                  | confuse attackers. (Acc +5) [Jiyva's grace]
  3913 | D:9      | Lost mutation: You are almost entirely resistant to further
                  | mutation and mutation removal. [Jiyva's grace]
  3913 | D:9      | Lost mutation: You are somewhat resistant to both further
                  | mutation and mutation removal. [Jiyva's grace]
  3913 | D:9      | Lost mutation: You are somewhat resistant to further
                  | mutation. [Jiyva's grace]
  3913 | D:9      | Gained mutation: You have hidden genetic potential.
                  | [Jiyva's grace]
  3913 | D:9      | Gained mutation: You have great hidden genetic potential.
                  | [Jiyva's grace]
  3913 | D:9      | Gained mutation: You have a small jelly attached to you
                  | that may absorb projectiles. [Jiyva's grace]
  3913 | D:9      | Gained mutation: You possess an exceptional clarity of
                  | mind. [Jiyva's grace]
  3988 | D:9      | Found a stormy altar of Qazlal.
  3989 | D:9      | Found a shimmering altar of Xom.
  4075 | D:9      | Reached XP level 11. HP: 64/74 MP: 22/22
  4179 | D:9      | Noticed an elephant
  4180 | D:9      | Found a staircase to the Lair.
  4238 | D:9      | Killed an elephant
  4239 | D:9      | Reached skill level 11 in Transmutations
  4281 | Lair:1   | Entered Level 1 of the Lair of Beasts
  4391 | Lair:1   | Noticed a spriggan rider
  4392 | Lair:1   | Slain by a wolf

Illustrated notes

Levels and vault maps discovered:
D:1:      saegor_arrival_simple_a, layout_rooms
D:2:      layout_basic, ebering_ecumenical_altar_rust
D:3:      layout_loops_ring, overflow_temple_1_default, tgw_sif,
          lemuel_coloured_pillars_altar, minmay_divided_ellipse, uniq_sigmund
D:4:      layout_cave_pods, nicolae_tso_carved_into_rock, minmay_snake_closets
D:5:      layout_gridville
D:6:      minmay_polygon_palace, layout_basic, marbit_many_paths,
          portal_sewer_entry_b
D:7:      layout_rooms, kennysheep_little_box, mainiacjoe_overflow_brackets,
          temple_pool_b, enter_ossuary_2
D:8:      layout_gridville, serial_shops, shop, minivault_1
D:9:      layout_small_grid, lightli_temple_of_fire,
          mainiacjoe_overflow_tiny_flanked, grunt_temple_overflow_open,
          david_lair_generic
Lair:1:   layout_long_grid, grunt_forest_large_clearings, grunt_megastairs_1,
          lemuel_fruit_fields

Skill      XL: |  1  2  3  4  5  6  7  8  9 10 11 |
---------------+----------------------------------+-----
Earth Magic    | 4 6 7 8 |  8.3
Spellcasting   | 3 4 5 6 |  6.9
Transmutations | 3 4 6 9 10 11 | 11.3
Unarmed Combat | 5 8 |  8.1
Air Magic      | 6 8 |  8.9
Dodging        | |  2.4
Stealth        | |  1.4

Action                   |  1- 3 |  4- 6 |  7- 9 | 10-12 || total
-------------------------+-------+-------+-------+-------++-------
Melee: Dagger            |       |     1 |     3 |     3 ||     7
       Bite              |       |       |     4 |    13 ||    17
       Unarmed           |       |       |    20 |    70 ||    90
       Kick              |       |       |       |    23 ||    23
       Punch             |       |       |       |     2 ||     2
 Cast: Sandblast         |    32 |    31 |   123 |    90 ||   276
       Stone Arrow       |       |     2 |    12 |     6 ||    20
       Blade Hands       |       |       |     5 |     9 ||    14
       Petrify           |       |       |     1 |     2 ||     3
       Passwall          |       |       |       |     2 ||     2
Evoke: Wand              |       |     1 |       |     5 ||     6
  Use: Scroll            |       |     8 |     7 |    10 ||    25
 Stab: Petrified         |       |       |     4 |     4 ||     8
       Confused          |       |       |       |     2 ||     2
       Petrifying        |       |       |       |     1 ||     1
Armor: Robe              |     1 |     9 |    20 |       ||    30
       Steam dragon scal |       |       |     7 |    57 ||    64
Dodge: Dodged            |     1 |    13 |    67 |    83 ||   164

Table legend: (Time is in decaauts)
 A = Elapsed time spent in this place.
 B = Non-inter-level travel time spent in this place.
 C = Inter-level travel time spent in this place.
 D = Time resting spent in this place.
 E = Time spent auto-exploring this place.
 F = Levels seen in this place.
 G = Mean time per level.
                   A        B        C        D        E       F      G
               +--------+--------+--------+--------+--------+-----+--------+
         Total |   4519 |   4245 |    274 |      0 |   1765 |  12 |  376.6 |
       Dungeon |   4151 |   3877 |    274 |      0 |   1715 |   9 |  461.2 |
          Lair |    110 |    110 |      0 |      0 |      0 |   1 |  110.0 |
         Sewer |     57 |     57 |      0 |      0 |      0 |   1 |   57.0 |
       Ossuary |    200 |    200 |      0 |      0 |     50 |   1 |  200.0 |
               +--------+--------+--------+--------+--------+-----+--------+

Top non-repeatable levels by time:
     D:6: 983 daAuts
     D:8: 760 daAuts
     D:4: 467 daAuts
     D:3: 453 daAuts
     D:9: 371 daAuts
     D:1: 327 daAuts
     D:7: 316 daAuts
     D:2: 239 daAuts
     D:5: 232 daAuts
 Ossuary: 200 daAuts
  Lair:1: 110 daAuts
   Sewer: 57 daAuts
